 Dungeon Crawl Stone Soup version 0.18-a0-373-gaf408bd (webtiles) character file.

11877 4thArraOfDagon the Basher (level 11, -14/120 HPs)
             Began as an Ogre Hunter on Nov 29, 2015.
             Was a High Priest of Cheibriados.
             Demolished by a vault guard
             ... wielding a +0 dire flail
              (19 damage)
             ... on level 13 of the Dungeon.
             The game lasted 00:37:09 (5343 turns).

4thArraOfDagon the Basher (Ogre Hunter)             Turns: 5343, Time: 00:37:09

Health: -14/120    AC:  4    Str: 34    XL:     11   Next: 84%
Magic:  17/17      EV: 15    Int: 25    God:    Cheibriados [*****.]
Gold:   344        SH:  0    Dex: 24    Spells: 3 memorised, 5 levels left

rFire  + . .     SeeInvis +     i - +7 flail "Fatis Qil" {venom, +Blink rC+ Dex+2}
rCold  + . .     Clarity  .     K - +0 robe {MR+}
rNeg   . . .     SustAt   .     (no shield)
rPois  .         Gourm    .     (helmet restricted)
rElec  .         Spirit   .     j - +0 cloak
rCorr  .         Warding  .     (gloves unavailable)
rMut   .         Stasis   .     (boots unavailable)
MR     ++...                    P - amulet of regeneration
Stlth  ++........               u - ring "Vosetao" {rF+ Str+3}
                                x - ring of see invisible

@: very slow, very resistant to hostile enchantments, unstealthy
A: unfitting armour, tough skin 1
a: Bend Time, Temporal Distortion, Slouch, Step From Time, Renounce Religion,
Evoke Blink


You were on level 13 of the Dungeon.
You worshipped Cheibriados.
Cheibriados was extremely pleased with you.
You were not hungry.

You visited 1 branch of the dungeon, and saw 13 of its levels.
You also visited: Labyrinth.

You collected 400 gold pieces.
You spent 56 gold pieces at shops.

Inventory:

Hand Weapons
 d - a +0 giant spiked club
 f - a +1 falchion of distortion
 i - the +7 flail "Fatis Qil" (weapon) {venom, +Blink rC+ Dex+2}
   (You found it in a labyrinth)

   It poisons the flesh of those it strikes.
   It affects your dexterity (+2).
   It protects you from cold.
   It lets you blink.
Missiles
 g - 23 stones
 Q - a large rock (quivered)
Armour
 j - a +0 cloak (worn)
 K - a +0 robe of magic resistance (worn)
Magical Staves
 v - an uncursed staff of air
Jewellery
 n - an uncursed ring of poison resistance
 q - an uncursed amulet of warding {unknown}
 r - an uncursed ring of positive energy
 u - the ring "Vosetao" (right hand) {rF+ Str+3}
   (You found it in a labyrinth)

   [ring of protection from fire]

   It affects your strength (+3).
   It protects you from fire.
 x - a ring of see invisible (left hand)
 J - a +1 ring of protection {unknown}
 P - an amulet of regeneration (around neck)
 R - an uncursed ring of teleportation
Wands
 a - a wand of magic darts (5)
 k - a wand of disintegration (0)
 y - a wand of fire (0)
 E - a wand of fire (0)
 S - a wand of cold (10)
Scrolls
 b - a scroll of enchant armour {unknown}
 l - 3 scrolls of fog
 s - 3 scrolls of enchant weapon
 t - a scroll of immolation
 D - a scroll of blinking {unknown}
 F - a scroll of noise {unknown}
 G - a scroll of vulnerability {unknown}
 I - 4 scrolls of magic mapping
 L - a scroll of acquirement {unknown}
 O - a scroll of remove curse
Potions
 c - a potion of cancellation {unknown}
 h - a potion of might
 m - 2 potions of curing {unknown}
 z - a potion of beneficial mutation {unknown}
 A - 2 potions of poison {unknown}
 B - 2 potions of degeneration {unknown}
 M - 2 potions of haste
Books
 C - a book of Burglary

   Spells                             Type                      Level
   a - Swiftness                      Charms/Air                   2
   b - Passwall                       Transmutation/Earth          3
   c - Passage of Golubria            Translocation                4
   d - Lee's Rapid Deconstruction     Earth                        5
   e - Darkness                       Hexes                        6
   f - Invisibility                   Hexes                        6
 H - a book of the Earth

   Spells                             Type                      Level
   a - Leda's Liquefaction            Hexes/Earth                  4
   b - Bolt of Magma                  Conjuration/Fire/Earth       5
   c - Statue Form                    Transmutation/Earth          6
   d - Iron Shot                      Conjuration/Earth            6
   e - Shatter                        Earth                        9
 N - the Catalogue of Good Luck
   (You found it in a labyrinth)

   Spells                             Type                      Level
   a - Infusion                       Charms                       1
   b - Song of Slaying                Charms                       2
   c - Swiftness                      Charms/Air                   2
   d - Spectral Weapon                Hexes/Charms                 3
   e - Warp Weapon                    Charms/Translocation         5
   f - Excruciating Wounds            Charms/Necromancy            5
Miscellaneous
 p - a plain deck of wonders
Comestibles
 e - 4 bread rations
 w - 4 meat rations
 T - 3 chunks of flesh


   Skills:
 + Level 11.0 Fighting
 * Level 13.7 Maces & Flails
 - Level 4.0 Throwing
 + Level 6.0 Dodging
 - Level 0.7 Stealth
 * Level 4.0 Spellcasting
 * Level 2.6 Transmutations
 * Level 2.7 Earth Magic
 + Level 6.8 Invocations
 * Level 4.3 Evocations


You had 5 spell levels left.
You knew the following spells:

 Your Spells              Type           Power        Failure   Level  Hunger
a - Passage of Golubria   Tloc           N/A          85%         4    ####...
b - Statue Form           Trmt/Erth      ###......    100%        6    #######
c - Spectral Weapon       Hex/Chrm       #.......     28%         3    ##.....


Dungeon Overview and Level Annotations

Branches:
Dungeon (13/15)            Temple (0/1) D:6            Lair (0/8) D:9
    Orc (0/4) D:9          Vaults (0/5) D:13

Altars:
Cheibriados
Makhleb
Qazlal
Xom
Yredelemnul

Shops:
D:9 :*

Annotations:
D:3 endege's ghost, weakling DDNe
D:11 exclusion: manticore


Innate Abilities, Weirdness & Mutations

You are too large for most types of armour.
You have tough skin (AC +1).


Message History

Read which item? (? for menu, Esc to quit)
As you read the scroll of fear, it crumbles to dust.
You assume a fearsome visage.
The vault guard resists with some effort.
The vault guard looks frightened!
The vault guard hits you with a dire flail!!
* * * LOW HITPOINT WARNING * * *
Unknown command.
Unknown command.
Unknown command.
Okay, then.
Drink which item? (? for menu, Esc to quit)
Okay, then.
Read which item? (? for menu, Esc to quit)
Okay, then.
Read which item? (? for menu, Esc to quit)
As you read the scroll of fear, it crumbles to dust.
You assume a fearsome visage.
The vault guard easily resists.
The vault guard hits you with a dire flail!!
You die...

### ... ## #.#
.. #.# #.###<#
#.....#
####@## ###p#
#...#
#####p######
#..........###
#..........'.#
+..........#.#
#....####.####
#.... #.#


You could see 2 vault guards.

Vanquished Creatures
  A minotaur (Lab)
  A vault guard (D:13)
  3 hill giants (D:11)
  An unseen horror (D:11)
  An elephant (D:9)
  Maurice (D:9)
  2 centaur skeletons
  5 trolls
  A two-headed ogre (D:11)
  Prince Ribbit (D:9)
  A deep elf mage (D:11)
  Sigmund (D:6)
  A wraith (D:10)
  The ghost of Raultor the Skirmisher, an amateur DrFi (D:4)
  A yak (D:9)
  2 hungry ghosts
  A basilisk (D:12)
  Edmund (D:6)
  6 orc warriors
  2 phantoms
  An ice beast (D:6)
  5 centaurs
  5 ogres
  A sky beast (D:6)
  8 big kobolds
  2 crocodiles
  6 giant frogs
  2 gnoll sergeants (D:9)
  A scorpion (D:8)
  2 wights (D:11)
  A giant frog zombie (D:11)
  2 crimson imps
  3 jellies
  2 centaur zombies
  14 orc wizards
  5 orc priests
  A giant frog skeleton (D:12)
  5 hounds
  6 worker ants
  An iguana (D:11)
  A sheep (D:9)
  A hound zombie (D:9)
  6 gnolls
  5 adders
  A shadow imp (D:11)
  An ooze (D:7)
  An adder skeleton (D:4)
  3 worms
  5 giant geckos
  29 orcs
  2 ball pythons
  7 goblins
  A hobgoblin (D:4)
  8 jackals
  7 kobolds
  3 quokkas
  4 bats
  7 giant cockroaches
  2 giant gecko skeletons (D:7)
  3 giant newts
  2 rats
206 creatures vanquished.

Notes
Turn   | Place    | Note
--------------------------------------------------------------
     0 | D:1      | 4thArraOfDagon the Ogre Hunter began the quest for the Orb.
     0 | D:1      | Reached XP level 1. HP: 22/22 MP: 1/1
   180 | D:2      | Reached XP level 2. HP: 24/32 MP: 2/2
   432 | D:2      | Reached XP level 3. HP: 26/40 MP: 3/3
   452 | D:2      | You fall through a shaft!
   491 | D:3      | Reached skill level 1 in Maces & Flails
   566 | D:3      | Found a basalt altar of Yredelemnul.
   569 | D:3      | Found a stormy altar of Qazlal.
   572 | D:3      | Found a snail-covered altar of Cheibriados.
   576 | D:3      | Became a worshipper of Cheibriados the Contemplative
   869 | D:3      | Noticed endege's ghost (weakling DDNe)
   906 | D:4      | Reached XP level 4. HP: 49/49 MP: 4/4
   909 | D:4      | Reached skill level 5 in Fighting
  1059 | D:4      | Reached * piety under Cheibriados
  1076 | D:4      | Reached XP level 5. HP: 25/57 MP: 5/5
  1085 | D:4      | Noticed Raultor's ghost (amateur DrFi)
  1102 | D:4      | Killed Raultor's ghost
  1102 | D:4      | Reached skill level 6 in Fighting
  1102 | D:4      | Reached skill level 5 in Maces & Flails
  1102 | D:4      | Reached XP level 6. HP: 3/67 MP: 6/6
  1287 | D:4      | Found a burning altar of Makhleb.
  1377 | D:5      | Entered Level 5 of the Dungeon
  1408 | D:5      | Reached XP level 7. HP: 43/76 MP: 7/7
  1459 | D:5      | Reached skill level 7 in Maces & Flails
  1724 | D:6      | Found a staircase to the Ecumenical Temple.
  1778 | D:6      | Reached skill level 8 in Maces & Flails
  1788 | D:6      | Reached ** piety under Cheibriados
  1927 | D:6      | Reached skill level 1 in Invocations
  1927 | D:6      | Reached XP level 8. HP: 77/88 MP: 8/8
  1962 | D:6      | Found a stormy altar of Qazlal.
  1969 | D:6      | Noticed Sigmund
  1975 | D:6      | Killed Sigmund
  1975 | D:6      | Reached skill level 9 in Maces & Flails
  2226 | D:6      | Noticed Edmund
  2232 | D:6      | Killed Edmund
  2415 | D:8      | Reached skill level 10 in Maces & Flails
  2488 | D:8      | Reached XP level 9. HP: 82/97 MP: 11/11
  2496 | D:8      | Reached *** piety under Cheibriados
  2648 | D:8      | Found a shimmering altar of Xom.
  2649 | D:8      | Found a shimmering altar of Xom.
  2651 | D:8      | Found a shimmering altar of Xom.
  2814 | D:9      | Noticed an elephant
  2835 | D:9      | Noticed Prince Ribbit
  2846 | D:9      | Killed Prince Ribbit
  2846 | D:9      | Reached skill level 11 in Maces & Flails
  2872 | D:9      | Noticed Maurice
  2877 | D:9      | Killed Maurice
  2924 | D:9      | Learned a level 4 spell: Passage of Golubria
  3025 | D:9      | Reached **** piety under Cheibriados
  3052 | D:9      | Found Aczivico's Alliterative Accessories.
  3057 | D:9      | Bought a potion of agility for 56 gold pieces
  3061 | D:9      | Found Qanecod's Book Shop.
  3111 | D:9      | Found a staircase to the Lair.
  3126 | D:9      | Killed an elephant
  3126 | D:9      | Reached skill level 5 in Invocations
  3126 | D:9      | Reached XP level 10. HP: 86/110 MP: 13/13
  3143 | D:9      | Reached skill level 12 in Maces & Flails
  3157 | D:9      | Reached skill level 10 in Fighting
  3273 | D:10     | Entered Level 10 of the Dungeon
  3276 | D:10     | Noticed a hill giant
  3372 | D:9      | Found a staircase to the Orcish Mines.
  3374 | D:9      | Reached skill level 5 in Dodging
  3375 | D:9      | Reached skill level 1 in Evocations
  3777 | D:10     | Reached skill level 13 in Maces & Flails
  3777 | D:10     | Reached skill level 1 in Spellcasting
  3816 | D:10     | Learned a level 6 spell: Statue Form
  3970 | D:11     | Found a labyrinth entrance.
  3986 | D:11     | Noticed a hill giant
  3997 | D:11     | Killed a hill giant
  3997 | D:11     | Reached XP level 11. HP: 107/119 MP: 15/15
  4026 | Lab      | Entered a labyrinth
  4446 | Lab      | Noticed a minotaur
  4468 | Lab      | Killed a minotaur
  4468 | Lab      | Reached skill level 1 in Transmutations
  4468 | Lab      | Reached skill level 1 in Earth Magic
  4628 | Lab      | Got an ichor-stained flail
  4628 | Lab      | Got a translucent bone ring
  4628 | Lab      | Identified the Catalogue of Good Luck (You found it in a labyrinth)
  4633 | Lab      | Learned a level 3 spell: Spectral Weapon
  4633 | Lab      | Identified the ring "Vosetao" {rF+ Str+3} (You found it in a labyrinth)
  4634 | Lab      | Identified the +7 flail "Fatis Qil" {venom, +Blink rC+ Dex+2} (You found it in a labyrinth)
  4719 | D:11     | Reached ***** piety under Cheibriados
  4755 | D:11     | Noticed a hill giant
  4763 | D:11     | Killed a hill giant
  4925 | D:11     | Found a shimmering altar of Xom.
  4991 | D:11     | Noticed a hill giant
  5000 | D:11     | Killed a hill giant
  5140 | D:11     | Noticed an unseen horror
  5151 | D:11     | Killed an unseen horror
  5325 | D:13     | Found a gate to the Vaults.
  5325 | D:13     | Noticed a vault guard
  5325 | D:13     | Noticed a vault guard
  5325 | D:13     | Noticed a vault guard
  5326 | D:13     | Noticed a vault guard
  5327 | D:13     | Noticed a vault guard
  5327 | D:13     | Noticed a vault guard
  5337 | D:13     | Killed a vault guard
  5338 | D:13     | Noticed a vault guard
  5342 | D:13     | HP: 4/120 [vault guard/dire flail (18)]
  5343 | D:13     | Demolished by a vault guard

Vault maps used:
D:1:      dpeg_arrival_rooms_c, serial_park_tiny_1, nrook_mini_vaults,
          minmay_strange_pillars, minmay_misc_feat_columns,
          nicolae_ashenzari_panopticon
D:2:      lemuel_upstairs_altar, lightli_temple_of_fire
D:3:      grunt_temple_overflow_cloverleaf, uniq_natasha
D:4:      kennysheep_mini, uniq_menkaure, uniq_crazy_yiuf_cottage
D:5:      first_bread, serial_shops, shop, hangedman_decor_growths,
          minmay_misc_feat_nine_boxes, minmay_curled_crystal,
          nrook_loot_triangle, hex_large, minmay_bad_closet
D:6:      minmay_temple_entry_hall, nicolae_qazlal_eye_of_the_storm,
          uniq_blork_the_orc, uniq_sigmund, uniq_edmund
D:8:      xom_redecorated
D:9:      david_lair_generic, kennysheep_orc_monster_closet_entryway,
          serial_shops, shop_fountains, nicolae_alphabet_shops, uniq_maurice,
          uniq_prince_ribbit1
D:10:     the_bakery, grunt_ministairs_2, minmay_misc_feat_five
D:11:     lab_entry_generic, basic_altar
D:13:     erik_vaults_2, hangedman_ru_absence, uniq_nessos, uniq_snorg,
          uniq_maud
Lab:      labyrinth_mini_lab

Action                   |  1- 3 |  4- 6 |  7- 9 | 10-12 || total
-------------------------+-------+-------+-------+-------++-------
Melee: Short sword       |    71 |       |       |       ||    71
       Trident           |    40 |    12 |    11 |       ||    63
       Flail             |       |    39 |    97 |   217 ||   353
       Giant club        |       |       |    30 |       ||    30
       Giant spiked club |       |       |    20 |     1 ||    21
Throw: Large rock        |     6 |    22 |    29 |     9 ||    66
       Throwing net      |     2 |     4 |     3 |       ||     9
       Stone             |       |       |       |    32 ||    32
 Cast: Passage of Golubr |       |       |       |     2 ||     2
Invok: Slouch            |       |       |       |     2 ||     2
       Bend Time         |       |       |       |     1 ||     1
 Abil: Evoke Teleportati |       |       |       |     1 ||     1
Evoke: Wand              |       |    15 |     8 |    10 ||    33
  Use: Scroll            |     7 |     2 |     3 |     9 ||    21
       Potion            |       |       |     2 |     5 ||     7
 Stab: Held in net/web   |       |       |     1 |       ||     1
       Sleeping          |       |       |     2 |     4 ||     6
       Distracted        |       |       |       |     2 ||     2
       Invisible         |       |       |       |     2 ||     2
  Eat: Chunk             |       |     2 |     3 |     3 ||     8
       Beef jerky        |       |       |       |     1 ||     1
       Royal jelly       |       |       |       |     1 ||     1
       Pizza             |       |       |       |     1 ||     1
